cohdb
Replays
Latest Replays
All Replays
Popular Replays
Top Player Replays
Match Explorer
How It Works
Community
CoH3 Stats
Reddit
Sign in to upload your games and track your stats! →
Sign in with Steam
Match 42511764
Unlisted
Match 42511764
Overview
Messages
Build Orders
End
Construct Barracks
Engineer Squad
1⁄4-ton 4x4 Truck
Riflemen Squad
Riflemen Squad
Construct Medical Station
Selects Advanced Infantry Battlegroup
Selects Convert to Ranger Squad
Convert to Ranger Squad
Grenade Package
Mechanized Support Center
Convert to Ranger Squad
Construct Motor Pool
Selects Ammunition Storage
Selects Frontline Medical Station
M24 Chaffee Light Tank
M24 Chaffee Light Tank
Designate Forward Repair Station
Selects M2A1 105mm Howitzer Emplacement
M3 75 mm Gun Motor Carriage
Selects Free Fire Drills
Selects Ranger Weapon Training
M3 75 mm Gun Motor Carriage
BilboShagins
marcin.miszkiel
Roger Templar
76561198013628798
UH|ck
UH|XTC
insane
iceman
0
0
Comments
sign in to comment!
No comments posted yet!